APL (24 & UNDER)
SCOTTSDALE SCORPIONS @ ATHENS ASSASSINS
05/12/2027
 
TOP OF THE 1ST
Scottsdale Scorpions batting - Pitching for Athens Assassins : RHP Ole Moree
Pitching: RHP Ole Moree
Batting: LHB José Garza 0-0: Called Strike
0-1: Ball
1-1: Fly out, F8 (Flyball, 8LD)
Batting: LHB Alberto Roberts 0-0: Called Strike
0-1: Swinging Strike
0-2: Foul Ball, location: 2F
0-2: SINGLE (Line Drive, 8RS)
Batting: RHB Lúcio Ramírez 0-0: Foul Ball, location: 2F
0-1: Ball
1-1: SINGLE (Groundball, 56D)
Alberto Roberts to second
Batting: LHB Sergio Fernández 0-0: Foul Ball, location: 2F
0-1: Fly out, F9 (Flyball, 9D)
Runner from 2nd tags up, SAFE at 3rd, no throw
Batting: SHB Arnold Moore 0-0: Ball
1-0: Fly out, F8 (Flyball, 8LM)
Top of the 1st over - 0 run(s), 2 hit(s), 0 error(s), 2 left on base; Scottsdale 0 - Athens 0
BOTTOM OF THE 1ST
Athens Assassins batting - Pitching for Scottsdale Scorpions : RHP Gilberto Delgado
Pitching: RHP Gilberto Delgado
Batting: SHB Félix Montoya 0-0: Ball
1-0: Foul Ball, location: 2F
1-1: Foul Ball, location: 2F
1-2: Ball
2-2: SINGLE (Groundball, 34D) (infield hit)
Batting: RHB Alexander Barr 0-0: SINGLE (Line Drive, 5D)
Félix Montoya to second
Batting: RHB Roderick Silva 0-0: Called Strike
0-1: Ball
1-1: Called Strike
1-2: Ball
2-2: Foul Ball, location: 2F
2-2: SINGLE (Groundball, 56D)
Félix Montoya to third
Alexander Barr to second
Runner from 3rd tries for Home, SAFE, no throw
Batting: RHB Jason Erickson 0-0: Ball
1-0: Ball
2-0: Ball
3-0: Called Strike
3-1: Base on Balls
Alexander Barr to third
Roderick Silva to second
Batting: RHB Foster Hapgood 0-0: Grounds into double play, 5-4-3 (Groundball, 5)
Alexander Barr scores
Roderick Silva to third
Batting: RHB Júlio Rodríguez 0-0: Ball
1-0: Called Strike
1-1: Ball
2-1: Ball
3-1: Base on Balls
Batting: LHB Milo Glenn 0-0: Called Strike
0-1: Ball
1-1: Swinging Strike
1-2: Foul Ball, location: 2F
1-2: Ball
2-2: Ball
3-2: Ground out 4-3 (Groundball, 4MD)
Bottom of the 1st over - 2 run(s), 3 hit(s), 0 error(s), 2 left on base; Scottsdale 0 - Athens 2
TOP OF THE 2ND
Scottsdale Scorpions batting - Pitching for Athens Assassins : RHP Ole Moree
Batting: RHB Sergio Domínguez 0-0: Swinging Strike
0-1: Swinging Strike
0-2: Strikes out looking
Batting: SHB Juan Gonzáles 0-0: Ball
1-0: Ball
2-0: Ball
3-0: Base on Balls
Batting: RHB Jaime Delgado 0-0: Ball
1-0: Called Strike
1-1: Grounds into double play, 6-4-3 (Groundball, 6)
Top of the 2nd over - 0 run(s), 0 hit(s), 0 error(s), 0 left on base; Scottsdale 0 - Athens 2
BOTTOM OF THE 2ND
Athens Assassins batting - Pitching for Scottsdale Scorpions : RHP Gilberto Delgado
Batting: RHB Fred Hubbard 0-0: Ball
1-0: Foul Ball, location: 2F
1-1: Ground out 4-3 (Groundball, 4)
Batting: RHB Jorge Loanos 0-0: Ball
1-0: Called Strike
1-1: SINGLE (Groundball, 56D)
Batting: SHB Félix Montoya 0-0: Foul Ball, location: 2F
0-1: SINGLE (Line Drive, 8RS)
Jorge Loanos to second
Runner from 2nd tries for 3rd, SAFE, no throw
Batting: RHB Alexander Barr 0-0: Called Strike
0-1: Ball
1-1: Called Strike
1-2: Ball
2-2: Ball
3-2: Fly out, F9 (Flyball, 9LS)
Batting: RHB Roderick Silva 0-0: Ball
1-0: Called Strike
1-1: Ball
2-1: Fly out, F8 (Flyball, 8RM)
Bottom of the 2nd over - 0 run(s), 2 hit(s), 0 error(s), 2 left on base; Scottsdale 0 - Athens 2
TOP OF THE 3RD
Scottsdale Scorpions batting - Pitching for Athens Assassins : RHP Ole Moree
Batting: RHB Robinson Fernández 0-0: Fly out, F8 (Flyball, 8RD)
Batting: LHB José Garza 0-0: Called Strike
0-1: Ball
1-1: Swinging Strike
1-2: Foul Ball, location: 2F
1-2: Ball
2-2: Strikes out swinging
Batting: LHB Alberto Roberts 0-0: Ball
1-0: Swinging Strike
1-1: SOLO HOME RUN (Flyball, 9D), Distance : 380 ft
Batting: RHB Lúcio Ramírez 0-0: Called Strike
0-1: Ball
1-1: Ground out 5-3 (Groundball, 5)
Top of the 3rd over - 1 run(s), 1 hit(s), 0 error(s), 0 left on base; Scottsdale 1 - Athens 2
BOTTOM OF THE 3RD
Athens Assassins batting - Pitching for Scottsdale Scorpions : RHP Gilberto Delgado
Batting: RHB Jason Erickson 0-0: Ball
1-0: Called Strike
1-1: Ball
2-1: Foul Ball, location: 2F
2-2: DOUBLE (Line Drive, 7)
Batting: RHB Foster Hapgood 0-0: Single, Error in OF, E9, batter to second base
Jason Erickson scores
Batting: RHB Júlio Rodríguez 0-0: Foul Ball, location: 2F
0-1: Ground out 6-3 (Groundball, 6)
Batting: LHB Milo Glenn 0-0: Ball
1-0: Called Strike
1-1: Ball
2-1: Ball
3-1: Foul Ball, location: 2F
3-2: Foul Ball, location: 2F
3-2: Fly out, F7 (Flyball, 7)
Batting: RHB Fred Hubbard 0-0: Fly out, F9 (Flyball, 9LS)
Bottom of the 3rd over - 1 run(s), 2 hit(s), 1 error(s), 1 left on base; Scottsdale 1 - Athens 3
TOP OF THE 4TH
Scottsdale Scorpions batting - Pitching for Athens Assassins : RHP Ole Moree
Batting: LHB Sergio Fernández 0-0: Ball
1-0: Swinging Strike
1-1: Ball
2-1: Ball
3-1: Foul Ball, location: 2F
3-2: Base on Balls
Batting: SHB Arnold Moore 0-0: Ball
1-0: Called Strike
1-1: Ball
2-1: Ball
3-1: Base on Balls
Sergio Fernández to second
Batting: RHB Sergio Domínguez 0-0: Foul Ball, location: 2F
0-1: SINGLE (Flyball, 8LS)
Sergio Fernández to third
Arnold Moore to second
Runner from 3rd tries for Home, SAFE, throw made home
Batting: SHB Juan Gonzáles 0-0: Ball
1-0: Ball
2-0: Called Strike
2-1: Ball
3-1: Base on Balls
Arnold Moore to third
Sergio Domínguez to second
Batting: RHB Jaime Delgado 0-0: Ball
1-0: Called Strike
1-1: Foul Ball, location: 2F
1-2: Ball
2-2: Foul Ball, location: 2F
2-2: Ball
3-2: Strikes out swinging
Batting: RHB Robinson Fernández 0-0: Foul Ball, location: 2F
0-1: SINGLE (Flyball, 8RS)
Arnold Moore scores
Sergio Domínguez to third
Juan Gonzáles to second
Runner from 3rd tries for Home, SAFE, throw made home
Batting: LHB José Garza 0-0: Foul Ball, location: 2F
0-1: Ball
Juan Gonzáles steals 3rd base
Robinson Fernández to second
1-1: Ball
2-1: Ground out 4-3 (Groundball, 4)
Juan Gonzáles scores
Robinson Fernández to third
Batting: LHB Alberto Roberts 0-0: Ground out 3-1 (Groundball, 34)
Top of the 4th over - 4 run(s), 2 hit(s), 0 error(s), 1 left on base; Scottsdale 5 - Athens 3
BOTTOM OF THE 4TH
Athens Assassins batting - Pitching for Scottsdale Scorpions : RHP Gilberto Delgado
Batting: RHB Jorge Loanos 0-0: Fly out, F9 (Flyball, 89M)
Batting: SHB Félix Montoya 0-0: Ground out 4-3 (Groundball, 4)
Batting: RHB Alexander Barr 0-0: Called Strike
0-1: Ball
1-1: Called Strike
1-2: Strikes out swinging, 2-3 out at first.
Bottom of the 4th over - 0 run(s), 0 hit(s), 0 error(s), 0 left on base; Scottsdale 5 - Athens 3
TOP OF THE 5TH
Scottsdale Scorpions batting - Pitching for Athens Assassins : RHP Ole Moree
Batting: RHB Lúcio Ramírez 0-0: Ball
1-0: Swinging Strike
1-1: SINGLE (Groundball, 5D)
Batting: LHB Sergio Fernández 0-0: Called Strike
0-1: Ball
Lúcio Ramírez is caught stealing 2nd base
1-1: Ball
2-1: Foul Ball, location: 2F
2-2: Foul Ball, location: 2F
2-2: Ground out 4-3 (Groundball, 4MD)
Batting: SHB Arnold Moore 0-0: Ball
1-0: Swinging Strike
1-1: Swinging Strike
1-2: Ball
2-2: Strikes out swinging
Top of the 5th over - 0 run(s), 1 hit(s), 0 error(s), 0 left on base; Scottsdale 5 - Athens 3
BOTTOM OF THE 5TH
Athens Assassins batting - Pitching for Scottsdale Scorpions : RHP Gilberto Delgado
Batting: RHB Roderick Silva 0-0: Ball
1-0: Ball
2-0: Called Strike
2-1: DOUBLE (Flyball, 78XD)
Batting: RHB Jason Erickson 0-0: Ball
1-0: Swinging Strike
1-1: Ground out 4-3 (Groundball, 4MD)
Roderick Silva to third
Batting: RHB Foster Hapgood 0-0: Ball
1-0: Ball
2-0: Ball
3-0: Base on Balls
Batting: RHB Júlio Rodríguez 0-0: Called Strike
0-1: Ball
1-1: Ball
2-1: Ball
3-1: Base on Balls
Foster Hapgood to second
Pitching: RHP Julian Corbitt
Batting: LHB Milo Glenn 0-0: Fielders Choice at 2nd, 4-6 (Groundball, 4M)
Roderick Silva scores
Foster Hapgood to third
Batting: RHB Fred Hubbard 0-0: Fielders Choice at 2nd, 6-4 (Groundball, 6)
Bottom of the 5th over - 1 run(s), 1 hit(s), 0 error(s), 1 left on base; Scottsdale 5 - Athens 4
TOP OF THE 6TH
Scottsdale Scorpions batting - Pitching for Athens Assassins : RHP Ole Moree
Batting: RHB Sergio Domínguez 0-0: Swinging Strike
0-1: Foul Ball, location: 2F
0-2: Ball
1-2: SINGLE (Groundball, 6MD)
Pitching: RHP Jason Mason
Batting: SHB Juan Gonzáles 0-0: Called Strike
0-1: Foul Ball, location: 2F
0-2: SINGLE (Groundball, 56D)
Sergio Domínguez to second
Batting: RHB Jaime Delgado 0-0: Ball
1-0: Grounds into double play, 4-6-3 (Groundball, 4)
Sergio Domínguez to third
Batting: RHB Robinson Fernández 0-0: Called Strike
0-1: Swinging Strike
0-2: Ball
1-2: Ball
2-2: Foul Ball, location: 2F
2-2: Strikes out swinging
Top of the 6th over - 0 run(s), 2 hit(s), 0 error(s), 1 left on base; Scottsdale 5 - Athens 4
BOTTOM OF THE 6TH
Athens Assassins batting - Pitching for Scottsdale Scorpions : RHP Julian Corbitt
Batting: RHB Jorge Loanos 0-0: Called Strike
0-1: Ball
1-1: Foul Ball, location: 2F
1-2: Ball
2-2: Strikes out swinging
Batting: SHB Félix Montoya 0-0: Foul Ball, location: 2F
0-1: Ball
1-1: Ball
2-1: Ground out U3 (Groundball, 34)
Batting: RHB Alexander Barr 0-0: Called Strike
0-1: Ball
1-1: Ball
2-1: Fly out, F9 (Flyball, 9LSF)
Bottom of the 6th over - 0 run(s), 0 hit(s), 0 error(s), 0 left on base; Scottsdale 5 - Athens 4
TOP OF THE 7TH
Scottsdale Scorpions batting - Pitching for Athens Assassins : RHP Jason Mason
Batting: LHB José Garza 0-0: Called Strike
0-1: SINGLE (Groundball, 4MD)
Batting: LHB Alberto Roberts 0-0: Called Strike
José Garza steals 2nd base
0-1: Swinging Strike
0-2: Foul Ball, location: 2F
0-2: Strikes out looking
Pitching: RHP Juan Carlos Guerrero
Pinch Hitting: LHB Manny Vigil 0-0: Foul Ball, location: 2F
0-1: Ball
1-1: Called Strike
José Garza steals 3rd base
1-2: Foul Ball, location: 2F
1-2: Foul Ball, location: 2F
1-2: Strikes out swinging
Batting: LHB Sergio Fernández 0-0: Ball
1-0: Ball
2-0: Ball
3-0: Swinging Strike
3-1: Base on Balls
Batting: SHB Arnold Moore 0-0: Called Strike
0-1: Foul Ball, location: 2F
0-2: DOUBLE (Line Drive, 3D)
José Garza scores
Sergio Fernández to third
Runner from 3rd tries for Home, throw and OUT!
Top of the 7th over - 1 run(s), 2 hit(s), 0 error(s), 1 left on base; Scottsdale 6 - Athens 4
BOTTOM OF THE 7TH
Athens Assassins batting - Pitching for Scottsdale Scorpions : RHP Julian Corbitt
Now at SS: Ricardo Gutiérrez
Batting: RHB Roderick Silva 0-0: Ball
1-0: Swinging Strike
1-1: Ball
2-1: Ball
3-1: Foul Ball, location: 2F
3-2: Strikes out swinging
Batting: RHB Jason Erickson 0-0: Foul Ball, location: 2F
0-1: Swinging Strike
0-2: Fly out, F4 (Line Drive, 4M)
Batting: RHB Foster Hapgood 0-0: Called Strike
0-1: Foul Ball, location: 2F
0-2: Ball
1-2: Ball
2-2: Ball
3-2: Fly out, F8 (Flyball, 8LM)
Bottom of the 7th over - 0 run(s), 0 hit(s), 0 error(s), 0 left on base; Scottsdale 6 - Athens 4
TOP OF THE 8TH
Scottsdale Scorpions batting - Pitching for Athens Assassins : RHP Juan Carlos Guerrero
Batting: RHB Sergio Domínguez 0-0: Foul Ball, location: 2F
0-1: Foul Ball, location: 2F
0-2: Ball
1-2: Ball
2-2: Ball
3-2: Foul Ball, location: 2F
3-2: Strikes out swinging
Batting: SHB Juan Gonzáles 0-0: Swinging Strike
0-1: Ball
1-1: Called Strike
1-2: Strikes out swinging
Batting: RHB Jaime Delgado 0-0: Called Strike
0-1: Bunt missed!
0-2: SINGLE (Line Drive, 9S)
Batting: RHB Robinson Fernández 0-0: Fielders Choice at 2nd, 4-6 (Groundball, 4)
Top of the 8th over - 0 run(s), 1 hit(s), 0 error(s), 0 left on base; Scottsdale 6 - Athens 4
BOTTOM OF THE 8TH
Athens Assassins batting - Pitching for Scottsdale Scorpions : RHP Julian Corbitt
Batting: RHB Júlio Rodríguez 0-0: Ball
1-0: Fly out, F7 (Line Drive, 7D)
Batting: LHB Milo Glenn 0-0: Ball
1-0: Foul Ball, location: 2F
1-1: Foul Ball, location: 2F
1-2: Fly out, F7 (Flyball, 7)
Batting: RHB Fred Hubbard 0-0: Ball
1-0: Called Strike
1-1: Called Strike
1-2: Foul Ball, location: 2F
1-2: Ball
2-2: Ball
3-2: Fly out, F6 (Line Drive, 6)
Bottom of the 8th over - 0 run(s), 0 hit(s), 0 error(s), 0 left on base; Scottsdale 6 - Athens 4
TOP OF THE 9TH
Scottsdale Scorpions batting - Pitching for Athens Assassins : RHP Juan Carlos Guerrero
Batting: LHB José Garza 0-0: Called Strike
0-1: Ball
1-1: Fly out, F7 (Flyball, 7LM)
Pitching: RHP León Delgado
Batting: LHB Alberto Roberts 0-0: Fly out, F5 (Line Drive, 56)
Batting: RHB Ricardo Gutiérrez 0-0: Swinging Strike
0-1: Ball
1-1: Ball
2-1: Swinging Strike
2-2: Foul Ball, location: 2F
2-2: Ball
3-2: Base on Balls
Batting: LHB Sergio Fernández 0-0: Ball
1-0: Ball
2-0: Ball
Throwing error on steal attempt, E2
Ricardo Gutiérrez to third
3-0: Called Strike
3-1: Base on Balls
Batting: SHB Arnold Moore 0-0: Ball
1-0: Ball
2-0: Ball
3-0: Called Strike
3-1: Ground out U3 (Groundball, 34S)
Top of the 9th over - 0 run(s), 0 hit(s), 1 error(s), 2 left on base; Scottsdale 6 - Athens 4
BOTTOM OF THE 9TH
Athens Assassins batting - Pitching for Scottsdale Scorpions : RHP Julian Corbitt
Pitching: RHP Jesús Ramírez
Batting: RHB Jorge Loanos 0-0: Ball
1-0: Called Strike
1-1: Called Strike
1-2: SINGLE (Line Drive, 8LS)
Pinch Hitting: RHB Brady McIntyre 0-0: Ball
1-0: Ball
2-0: Called Strike
2-1: Swinging Strike
2-2: Strikes out swinging
Pinch Hitting: LHB George Flanagan Pickoff Throw to First - Out!
0-0: Called Strike
0-1: Called Strike
0-2: Strikes out swinging
Bottom of the 9th over - 0 run(s), 1 hit(s), 0 error(s), 0 left on base; Scottsdale 6 - Athens 4
Thursday, March 30th, 2017 - OOTP Baseball 17.12 Build 75